 Dungeon Crawl Stone Soup version 0.28-a0-479-g5baa6b73be (webtiles) character file.

Game seed: 17050438131221247165

64 avis the Insei (level 4, -1/31 HPs)
             Began as an Octopode Transmuter on Sept 18, 2021.
             Slain by a gnoll (7 damage)
             ... on level 2 of the Dungeon.
             The game lasted 00:10:37 (1844 turns).

avis the Insei (Octopode Transmuter)                Turns: 1844, Time: 00:10:37

Health: -1/31      AC:  2    Str: 10    XL:     4   Next: 12%
Magic:  5/7        EV: 19    Int: 15    God:
Gold:   38         SH:  0    Dex: 17    Spells: 3/7 levels left

rFire   . . .      SeeInvis .     - Unarmed
rCold   . . .      Faith    .   (shield currently unavailable)
rNeg    . . .      Spirit   .   (helmet currently unavailable)
rPois   x          Reflect  .   (no amulet)
rElec   .          Harm     .   (no ring)
rCorr   .          Rampage  .   (no ring)
Will    .....                   (no ring)
Stlth   ++........              (no ring)
HPRegen 0.10/turn               (no ring)
MPRegen 0.10/turn               (no ring)
                                (no ring)
                                (no ring)

@: spider-form (expiring)
A: venomous fangs, almost no armour, (amphibious), 8 rings, tiny, (camouflage
1), (gelatinous body 1), (nimble swimmer 1), (tentacles)
a: End Transformation


You were on level 2 of the Dungeon.
You were a venomous arachnid creature.
You visited 1 branch of the dungeon, and saw 2 of its levels.

You collected 38 gold pieces.

Inventory:

Hand Weapons
 a - a +0 short sword
 c - a +0 short sword
Missiles
 d - 23 stones
Scrolls
 b - a scroll of identify {unknown}
 e - a scroll of silence {unknown}
 g - a scroll of fog {unknown}
Potions
 f - a potion of haste {unknown}


   Skills:
 - Level 3.0 Fighting
 - Level 2.0 Dodging
 * Level 1.9 Stealth
 - Level 3.0 Unarmed Combat
 - Level 2.0 Spellcasting
 - Level 2.0 Transmutations
 - Level 2.0 Poison Magic


You had 3 spell levels left.
You knew the following spells:

 Your Spells              Type           Power      Damage    Failure   Level
a - Beastly Appendage     Tmut           14%        N/A       24%         1
p - Spider Form           Tmut/Pois      3%         N/A       50%         3

Your spell library contained the following spells:

 Spells                   Type           Power      Damage    Failure   Level
 Wereblood                Tmut           7%         N/A       32%         2
 Ice Form                 Ice/Tmut       4%         N/A       93%         4


Dungeon Overview and Level Annotations

Branches:
Dungeon (2/15)

Altars:


Innate Abilities, Weirdness & Mutations

You are a venomous arachnid creature.
You have poisonous fangs.
You are tiny and dextrous.
Your spellcasting is less reliable in this form.
Your armour is entirely melded.
You are incapable of wielding weapons or throwing items.
You cannot wear most types of armour.
((You are amphibious.))
You can wear up to eight rings at the same time.
((Your skin changes colour to match your surroundings (Stealth+).))
((Your rubbery body absorbs attacks. (AC +1, EV +1)))
((You are camouflaged near water. (Stealth+)))
((You have tentacles for arms and can constrict up to eight enemies at once.))


Message History

You hit the gnoll.
The gnoll is heavily wounded.
The gnoll misses you.
You hit the gnoll.
The gnoll is almost dead.
You kill the gnoll!
You have reached level 4!
Your magical contamination has completely faded away.
Things that are here:
a +0 spear; a gnoll corpse You start resting.
Your transformation is almost over.
You start resting.
Your transformation has ended.
You start resting.
Magic restored.
You start resting.
HP restored.
There is a stone staircase leading down here.
Casting: Spider Form (quite dangerous; 28% risk of failure)
Confirm with . or Enter, or press ? or * to list all spells.
The spell is quite dangerous to cast (28% risk of failure)!
Continue anyway?
You turn into a venomous arachnid creature.
You climb downwards.
There is a stone staircase leading up here.
Your transformation is almost over.
The gnoll shouts!
You hear a shout! x2
The gnoll hits you from afar with a +0 spear.
A gnoll comes into view. It is wielding a +0 spear.
Found a club.
The gnoll misses you. The gnoll completely misses you.
You hit the gnoll but do no damage. The gnoll hits you with a +0 spear.
You hit the gnoll.
The gnoll is moderately wounded.
The gnoll misses you.
A gnoll comes into view. It is wielding a +0 flail.
The gnoll hits you with a +0 spear!
The gnoll hits you from afar with a +0 spear.
* * * LOW HITPOINT WARNING * * *
The gnoll hits you with a +0 flail!
You die...

.) #.# #....#.# ...
##.###.†.##.## ....
#........##..##
.....#..##..#####..###..
............# ###......
......#.g.### #...###.#
#....##g.## ####>......#
........g# #......##..#
..#####s.####......## ..
#..##............#
#########.###.#......#..#
##.....#.......#...........
##............<###.......###
#...................###.##
#.........................
#..><...........#####.. ..
#........)......# ##


You could see 3 gnolls.

Vanquished Creatures
  2 gnolls (D:1)
  2 dart slugs
  2 ball pythons (D:1)
  2 endoplasms (D:1)
  2 giant cockroaches (D:1)
  2 hobgoblins (D:1)
  7 jackals (D:1)
  8 kobolds (D:1)
  2 quokkas (D:1)
  4 bats (D:1)
  4 frilled lizards
  4 rats (D:1)
41 creatures vanquished.

Notes
Turn   | Place    | Note
-------+----------+-------------------------------------------
     0 | D:1      | avis the Octopode Transmuter began the quest for the Orb.
     0 | D:1      | Reached XP level 1. HP: 13/13 MP: 3/3
   191 | D:1      | Reached XP level 2. HP: 19/19 MP: 1/5
   311 | D:1      | Reached skill level 1 in Stealth
   341 | D:1      | Reached skill level 1 in Poison Magic
   542 | D:1      | Reached XP level 3. HP: 20/24 MP: 4/6
   585 | D:1      | Learned a level 3 spell: Spider Form
  1726 | D:1      | Reached XP level 4. HP: 20/31 MP: 0/7
  1844 | D:2      | Slain by a gnoll

Illustrated notes

Levels and vault maps discovered:
D:1:      tarquinn_simple_flora_water_a, layout_loops_ring, minmay_tetromino_t4
D:2:      layout_rooms, hellmonk_ecumenical_altar_prayer_group,
          uniq_crazy_yiuf_cottage

Skill      XL: |  1  2  3 |
---------------+----------+-----
Fighting       | 2 3 |  3.0
Stealth        | 1 |  1.9
Poison Magic   | 1 2 |  2.0
Dodging        | |  2.0
Unarmed Combat | |  3.0
Spellcasting   | |  2.0
Transmutations | |  2.0

Action                   |  1- 3 |  4- 6 || total
-------------------------+-------+-------++-------
Melee: Unarmed           |    92 |     2 ||    94
       Kick              |    18 |       ||    18
       Constrict         |    11 |       ||    11
       Tentacles         |     6 |       ||     6
 Cast: Beastly Appendage |    32 |       ||    32
       Spider Form       |     4 |     1 ||     5
 Stab: Sleeping          |    12 |       ||    12
Armor: Skin              |     6 |       ||     6
Dodge: Dodged            |    52 |     3 ||    55

Table legend: (Time is in decaauts)
 A = Elapsed time spent in this place.
 B = Non-inter-level travel time spent in this place.
 C = Inter-level travel time spent in this place.
 D = Time resting spent in this place.
 E = Time spent auto-exploring this place.
 F = Levels seen in this place.
 G = Mean time per level.
                   A        B        C        D        E       F      G
               +--------+--------+--------+--------+--------+-----+--------+
         Total |   1842 |   1810 |     32 |    777 |    552 |   2 |  921.0 |
       Dungeon |   1842 |   1810 |     32 |    777 |    552 |   2 |  921.0 |
               +--------+--------+--------+--------+--------+-----+--------+

Top non-repeatable levels by time:
     D:1: 1724 daAuts
     D:2: 117 daAuts
